Map: Oceanborn LE

Players

sugubatul - Winner!

  • Race: Zerg Zerg
  • Spawn Location: 5:00

A.I. 1 (Elite)

  • Race: Terran Terran
  • Spawn Location: 11:00

VOD

Have the link to the VOD?

Description

Time

  • Played on: July 18, 2025, 10:20 p.m.
  • Length: 5:52
Show
View Real Time Build Order
Export as new Build Order

sugubatul Zerg - Winner!

Build Orders: Hatch First 

Get SALT Encoding   

  12  0:01  Drone  
  13  0:12  Overlord  
  13  0:21  Drone  
  14  0:30  Drone x2  
  16  0:36  Drone  
  17  0:50  Hatchery  
  17  0:54  Drone  
  17  0:58  Drone, Extractor  
  17  1:09  Drone  
  18  1:15  Spawning Pool  
  17  1:25  Drone  
  18  1:31  Drone  
  19  1:43  Drone  
  20  1:52  Drone  
  21  2:00  Overlord  
  21  2:07  Zergling x2, Queen  
  21  2:08  Queen  
  26  2:16  Zergling x2  
  26  2:17  Zergling x2  
  26  2:19  Metabolic Boost  
  28  2:23  Zergling x2  
  28  2:29  Drone  
  30  2:33  Spine Crawler  
  29  2:38  Zergling x2, Overlord  
  30  2:44  Zergling x2  
  31  2:52  Zergling x2  
  32  3:00  Zergling x2  
  32  3:02  Zergling x2  
  32  3:04  Queen  
  36  3:07  Overlord  
  35  3:17  Drone  
  35  3:18  Overlord  
  36  3:31  Drone x2  
  36  3:32  Drone, Baneling Nest  
  38  3:43  Lair  
  38  3:44  Drone  
  38  3:45  Drone x2  
  41  3:53  Drone x3  
  44  4:00  Drone  
  45  4:05  Zergling x2  
  45  4:08  Zergling x4  
  48  4:20  Overlord x2  
  48  4:21  Zergling x6  
  51  4:29  Baneling x5  
  51  4:30  Zergling x2, Baneling  
  52  4:32  Overlord  
  52  4:39  Zergling x2  
  52  4:40  Zergling x8  
  52  4:44  Drone, Extractor  
  52  4:45  Extractor  
  54  5:08  Evolution Chamber  
  54  5:09  Evolution Chamber  
  49  5:26  Zergling x2  
  49  5:27  Zergling x20  
  57  5:39  Hatchery  
  57  5:40  Drone  
Show
View Real Time Build Order
Export as new Build Order

A.I. 1 (Elite) Terran 

Build Orders:  

Get SALT Encoding   

  12  0:09  Supply Depot  
  12  0:13  SCV  
  13  0:36  Barracks  
  13  0:42  Barracks  
  13  0:57  Barracks  
  13  0:59  SCV  
  14  1:11  SCV  
  15  1:26  Marine, Barracks  
  15  1:29  Marine  
  17  1:44  Marine x2  
  17  1:47  Marine  
  19  1:53  Supply Depot  
  20  2:01  Marine  
  20  2:04  Marine x2  
  23  2:14  Marine  
  24  2:19  Marine  
  24  2:22  Marine x2  
  27  2:32  Marine  
  28  2:37  Marine  
  28  2:40  Marine  
  28  2:43  Supply Depot  
  30  2:44  Marine  
  31  2:54  Refinery  
  31  3:04  SCV  
  31  3:16  SCV  
  32  3:29  SCV  
  33  3:41  SCV  
  34  3:53  SCV  
  35  3:56  Factory  
  35  4:05  SCV  
  36  4:17  SCV  
  36  4:18  Supply Depot  
  37  4:25  Refinery, Barracks Tech Lab  
  37  4:29  SCV  
  38  4:40  Factory Tech Lab  
  38  4:42  Orbital Command  
  38  4:46  Marauder  
  38  4:48  Supply Depot  
  39  5:07  Marauder, SCV  
  42  5:20  SCV  
  38  5:21  Marine x2  
  38  5:24  Marine  
  32  5:28  Marauder  
  32  5:32  SCV  
Tags
 
Matchup
TvZ
Spawn Locations
Cross Positions
Add a new tag
Caveats
  • Supply blocks, unpowered buildings, or Contaminate may cause inaccurate times.
  • Supply counts are checked every 10 seconds.